 Dungeon Crawl Stone Soup version 0.18-a0-1577-gf591c28 (webtiles) character file.

10270 namelastname112 the Martial Artist (level 11, -1/91 HPs)
             Began as a Yellow Draconian Wanderer on Mar 20, 2016.
             Was a High Priest of Cheibriados.
             Slain by a cyan ugly thing (17 damage)
             ... on level 11 of the Dungeon.
             The game lasted 00:23:21 (15266 turns).

namelastname112 the Martial Artist (DrWn)          Turns: 15266, Time: 00:23:21

Health: -1/91      AC:  8    Str: 28    XL:     11   Next: 34%
Magic:  15/15      EV: 18    Int: 25    God:    Cheibriados [*****.]
Gold:   568        SH:  0    Dex: 26    Spells: 0 memorised, 16 levels left

rFire  + . .     SeeInvis .       - Unarmed
rCold  . . .     Gourm    .     (armour unavailable)
rNeg   . . .     Faith    +     (no shield)
rPois  .         Spirit   .     (helmet restricted)
rElec  .         Dismiss  .     F - +0 cloak
rCorr  +         Reflect  .     (no gloves)
SustAt .         Harm     .     (no boots)
MR     .....                    L - amulet of faith
Stlth  ++........               P - ring of wizardry
                                q - ring of flight

@: very slow, not resistant to hostile enchantments, unstealthy
A: spit acid, acid resistance, unfitting armour, stinger 1, fire resistance 1,
strong 1, wild magic 1, cold-blooded, AC +7
a: Spit Acid, Bend Time, Temporal Distortion, Slouch, Step From Time, Renounce
Religion, Evoke Flight


You were on level 11 of the Dungeon.
You worshipped Cheibriados.
Cheibriados was extremely pleased with you.
You were not hungry.

You visited 2 branches of the dungeon, and saw 13 of its levels.

You collected 568 gold pieces.

Inventory:

Armour
 F - a +0 cloak (worn)
Jewellery
 q - a ring of flight (left hand)
 E - an uncursed amulet of magic regeneration
 K - an uncursed amulet of guardian spirit {unknown}
 L - an amulet of faith (around neck)
 P - a ring of wizardry (right hand)
Wands
 h - a wand of slowing (21/48)
 z - a wand of polymorph (11/24)
 G - a wand of iceblast (5/15)
 H - a wand of lightning (0/15)
 J - a wand of slowing (3/48)
 M - a wand of paralysis (8/24)
 N - a wand of iceblast (2/15)
 O - a wand of slowing (5/48)
 R - a wand of heal wounds (4/9)
 T - a wand of enslavement (8/24)
Scrolls
 a - a scroll of vulnerability {unknown}
 f - a scroll of amnesia
 j - 7 scrolls of remove curse
 m - 2 scrolls of magic mapping
 o - 3 scrolls of enchant armour
 u - a scroll of enchant weapon {unknown}
 y - 2 scrolls of fog
 B - 3 scrolls of teleportation
 V - a scroll of recharging
Potions
 e - 3 potions of magic
 g - a potion of might {unknown}
 i - 3 potions of curing
 l - 3 potions of mutation {unknown}
 n - a potion of cancellation {unknown}
 p - a potion of cure mutation {unknown}
 r - 2 potions of haste
 t - 3 potions of brilliance {unknown}
 v - 2 potions of heal wounds {unknown}
 A - 2 potions of ambrosia {unknown}
 C - 3 potions of flight
 Q - a potion of resistance {unknown}
Books
 b - Vepn's Handbook of Necromancy

   Spells                             Type                      Level
   a - Pain                           Necromancy                   1
   b - Vampiric Draining              Necromancy                   3
 c - the Tome of Execration

   Spells                             Type                      Level
   a - Corona                         Hexes                        1
   b - Inner Flame                    Hexes/Fire                   3
 w - a book of Air

   Spells                             Type                      Level
   a - Shock                          Conjuration/Air              1
   b - Swiftness                      Charms/Air                   2
   c - Repel Missiles                 Charms/Air                   2
   d - Static Discharge               Conjuration/Air              3
   e - Lightning Bolt                 Conjuration/Air              5
 S - a book of Dreams

   Spells                             Type                      Level
   a - Ensorcelled Hibernation        Hexes/Ice                    2
   b - Silence                        Hexes/Air                    5
   c - Darkness                       Hexes                        6
   d - Shadow Creatures               Summoning                    6
Miscellaneous
 U - an ornate deck of defence {drawn: 3}
Comestibles
 d - 12 bread rations
 k - 9 royal jellies
 s - 9 fruits
 x - a beef jerky
 I - a slice of pizza


   Skills:
 + Level 6.7 Fighting
   Level 7.6 Staves
 - Level 1.0 Throwing
 + Level 5.4 Dodging
 - Level 1.0 Stealth
 + Level 13.1 Unarmed Combat
 - Level 3.0 Spellcasting
   Level 2.0 Translocations
 + Level 2.9 Invocations
 - Level 1.0 Evocations


You had 16 spell levels left.
You didn't know any spells.

Dungeon Overview and Level Annotations

Branches:
Dungeon (12/15)            Temple (1/1) D:7            Lair (0/8) D:10
    Orc: D:9-12

Altars:
Ashenzari
Cheibriados
Dithmenos
Elyvilon
Fedhas
Gozag
Kikubaaqudgha
Makhleb
Nemelex Xobeh
Okawaru
Pakellas
Qazlal
Ru
Sif Muna
Trog
Vehumet
Xom
Yredelemnul
Zin
The Shining One

Shops:
D:7 :


Innate Abilities, Weirdness & Mutations

You can spit globs of acid.
You are resistant to acid.
Your golden yellow scales are hard (AC +7).
Your body does not fit into most forms of armour.
You are cold-blooded and may be slowed by cold attacks.
Your tail ends in a poisonous barb.
Your flesh is heat resistant.
Your muscles are strong. (Str +2)
Your spells are a little harder to cast, but a little more powerful.


Message History

You closely miss the cyan ugly thing. You punch the cyan ugly thing.
The cyan ugly thing is moderately wounded.
The cyan ugly thing misses you.
You pummel the cyan ugly thing!! You tail-slap the cyan ugly thing.
The cyan ugly thing is severely wounded.
The orc hits you with a club.
You hit the cyan ugly thing but do no damage.
The cyan ugly thing is severely wounded.
The cyan ugly thing stings you! The cyan ugly thing shocks you!
* * * LOW HITPOINT WARNING * * *
You hit the cyan ugly thing.
The cyan ugly thing is severely wounded.
The cyan ugly thing barely misses you.
You punch the cyan ugly thing! x2
The cyan ugly thing is almost dead.
The orc completely misses you. The orc hits you but does no damage.
The cyan ugly thing stings you!
* * * LOW HITPOINT WARNING * * *
The cyan ugly thing shocks you!
You die...

######.#.## #...#.##(.#######
..D....#.# ##..#.##(.......#
########.# #..#.##(######.# # #.#
#..#....(..((#.# # #.#
##.#.##.####.#.# ########.#
#..###.####.#.#
.........##########......(.)..#.#
#########.........##o###.######..
........'.......@u'..............
#########....)..oo###.##.########
########### #.##.# #....
######..#.# #.### #.......#.# #.#
# #.........# #.# # #.........#
#.# # #...).....# #.# #
#....(...># #.# #


You could see a cyan ugly thing and 3 orcs.

Vanquished Creatures
  Erica (D:9)
  A hydra (D:11)
  2 hill giants (D:8)
  2 cyclopes (D:11)
  A gargoyle (D:10)
  3 trolls
  Grinder (D:5)
  Prince Ribbit (D:8)
  A hungry ghost (D:11)
  A soldier ant (D:8)
  2 sky beasts
  3 black bears
  4 orc warriors
  An eye of draining (D:11)
  2 ice beasts (D:10)
  2 wasps (D:8)
  3 ogres
  6 centaurs
  A crocodile (D:11)
  2 big kobolds (D:9)
  5 giant frogs
  A wyvern zombie (D:10)
  A water moccasin skeleton (D:7)
  13 killer bees
  4 wights (D:10)
  3 centaur zombies
  A giant frog zombie (D:6)
  4 crimson imps
  2 quasits
  3 orc priests (D:7)
  3 jellies
  12 orc wizards
  3 giant frog skeletons
  3 hounds
  Ijyb (D:2)
  7 worker ants
  3 sheep (D:11)
  2 hound skeletons
  4 howler monkey skeletons
  7 gnolls
  A worker ant zombie (D:5)
  18 adders
  A shadow imp (D:7)
  3 oozes
  2 adder skeletons
  An adder zombie (D:9)
  4 worms
  A dart slug (D:3)
  6 giant geckos
  41 orcs
  6 bats
  7 giant cockroaches
  13 goblins
  6 hobgoblins
  5 jackals
  7 quokkas
  A ball python (D:7)
  A giant cockroach zombie (D:5)
  6 giant newts
  18 kobolds
  4 rats
274 creatures vanquished.

Vanquished Creatures (others)
  A wizard (D:11)
1 creature vanquished.

Grand Total: 275 creatures vanquished

Notes
Turn   | Place    | Note
--------------------------------------------------------------
     0 | D:1      | namelastname112 the Draconian Wanderer began the quest for the Orb.
     0 | D:1      | namelastname112 set off with: a +2 quarterstaff, Vepn's Handbook of Necromancy, the Tome of Execration, a bread ration
     0 | D:1      | Reached XP level 1. HP: 16/16 MP: 4/4
     0 | D:1      | epen: эй
     0 | D:1      | epen: го котом
     0 | D:1      | epen: а
     0 | D:1      | epen: ну ок
     0 | D:1      | namelastname112: ну
     0 | D:1      | namelastname112: ща этим сдохну
     0 | D:1      | namelastname112: и го котом
     8 | D:1      | Identified Vepn's Handbook of Necromancy
     8 | D:1      | Identified the Tome of Execration
   336 | D:1      | Reached XP level 2. HP: 19/24 MP: 6/6
   517 | D:1      | Found a snail-covered altar of Cheibriados.
   966 | D:2      | Reached skill level 1 in Dodging
   966 | D:2      | Reached XP level 3. HP: 20/29 MP: 7/7
  1099 | D:2      | Noticed Ijyb
  1129 | D:2      | Killed Ijyb
  1293 | D:2      | Reached XP level 4. HP: 32/37 MP: 8/8
  1385 | D:2      | epen: https://www.youtube.com/watch?v=OyFxGm7IZFk&feature=youtu.be
  1389 | D:2      | epen: лол блять
  1999 | D:3      | Reached XP level 5. HP: 9/44 MP: 9/9
  3533 | D:4      | You fall through a shaft!
  3533 | D:5      | Entered Level 5 of the Dungeon
  3781 | D:4      | Reached XP level 6. HP: 48/51 MP: 10/10
  4751 | D:5      | Reached skill level 5 in Staves
  4880 | D:5      | Noticed Grinder
  4892 | D:5      | Killed Grinder
  4892 | D:5      | Your scales start taking on a golden yellow colour.
  4892 | D:5      | Reached XP level 7. HP: 46/60 MP: 11/11
  5575 | D:6      | Reached skill level 5 in Fighting
  5981 | D:6      | epen: вот же мужику делать нехуй
  6034 | D:6      | Found a bloodstained altar of Trog.
  6034 | D:6      | Found a snail-covered altar of Cheibriados.
  6114 | D:6      | Reached XP level 8. HP: 66/68 MP: 12/12
  6634 | D:7      | Found Voklarig's Book Emporium.
  7162 | D:7      | Found a staircase to the Ecumenical Temple.
  7564 | D:7      | Reached skill level 1 in Unarmed Combat
  7645 | Temple   | Entered the Ecumenical Temple
  7867 | D:6      | Became a worshipper of Cheibriados the Contemplative
  8062 | D:8      | Reached skill level 2 in Unarmed Combat
  8296 | D:8      | Reached skill level 3 in Unarmed Combat
  8382 | D:8      | Noticed a hill giant
  8397 | D:8      | Noticed Prince Ribbit
  8400 | D:8      | Killed a hill giant
  8400 | D:8      | Reached skill level 5 in Unarmed Combat
  8400 | D:8      | Reached XP level 9. HP: 58/75 MP: 13/13
  8431 | D:8      | Noticed a hill giant
  8756 | D:8      | Reached skill level 6 in Unarmed Combat
  9036 | D:8      | Reached * piety under Cheibriados
  9118 | D:8      | Reached skill level 7 in Unarmed Combat
  9136 | D:8      | Gained mutation: Your tail ends in a poisonous barb. [mutagenic meat]
  9137 | D:8      | Gained mutation: Your spells are a little harder to cast, but a little more powerful. [mutagenic meat]
  9138 | D:8      | Gained mutation: Your flesh is heat resistant. [mutagenic meat]
  9139 | D:8      | Gained mutation: Your muscles are strong. (Str +2) [mutagenic meat]
  9567 | D:8      | Killed Prince Ribbit
  9567 | D:8      | Reached skill level 8 in Unarmed Combat
 10018 | D:8      | Reached ** piety under Cheibriados
 10095 | D:8      | Killed a hill giant
 10095 | D:8      | Reached skill level 9 in Unarmed Combat
 10389 | D:8      | Reached XP level 10. HP: 65/83 MP: 14/14
 10756 | D:8      | Reached skill level 10 in Unarmed Combat
 11064 | D:9      | Noticed Erica
 11073 | D:10     | Entered Level 10 of the Dungeon
 11098 | D:9      | Killed Erica
 11350 | D:9      | Reached *** piety under Cheibriados
 11526 | D:9      | Reached skill level 11 in Unarmed Combat
 11807 | D:10     | Noticed a gargoyle
 11824 | D:10     | Killed a gargoyle
 12074 | D:10     | Reached **** piety under Cheibriados
 12074 | D:10     | Reached skill level 12 in Unarmed Combat
 12490 | D:10     | Got a scorched dagger {pierce}
 12493 | D:10     | Identified the +2 dagger of Anguish {pierce, *Drain +Rage MR+ Str+3} (You took it off a centaur on level 10 of the Dungeon)
 12874 | D:10     | Found a staircase to the Lair.
 13027 | D:10     | Reached ***** piety under Cheibriados
 13090 | D:11     | Reached skill level 1 in Invocations
 13090 | D:11     | Reached XP level 11. HP: 55/89 MP: 15/15
 14103 | D:11     | Found a bloodstained altar of Trog.
 14106 | D:11     | Noticed a wizard
 14108 | D:11     | namelastname112: даня
 14108 | D:11     | namelastname112: ты тут?
 14108 | D:11     | epen: да
 14108 | D:11     | epen: лол
 14108 | D:11     | namelastname112: смотри прикол
 14109 | D:11     | epen: а если трога примешь
 14109 | D:11     | epen: то волшебник выйдет?
 14109 | D:11     | namelastname112: нет
 14109 | D:11     | namelastname112: он ща сдохнет
 14109 | D:11     | namelastname112: Flames erupt from the bowels of the wizard! Trog roars with satisfaction!
 14110 | D:11     | epen: лол блять
 14110 | D:11     | epen: а трог же не любит магию
 14110 | D:11     | namelastname112: His tongue has been cut off!
 14110 | D:11     | Killed a wizard
 14200 | D:11     | Got an ancient cloak
 14207 | D:11     | Reached skill level 5 in Dodging
 14207 | D:11     | Reached skill level 13 in Unarmed Combat
 14210 | D:11     | Noticed a four-headed hydra
 14212 | D:11     | epen: как тогда он его поджёг?
 14213 | D:11     | epen: ммм?
 14220 | D:11     | namelastname112: ну его трог поджег
 14220 | D:11     | namelastname112: наркоман
 14520 | D:11     | Killed a four-headed hydra
 14834 | D:11     | Identified the cursed -1 cloak of Amorality {rElec Int+3 Dex+4} (You found it on level 11 of the Dungeon)
 14990 | D:12     | Noticed a hill giant
 15204 | D:11     | Noticed a cyan ugly thing
 15266 | D:11     | Slain by a cyan ugly thing

Vault maps used:
D:1:      minmay_arrival_diagonal_passages, cheibriados_altar_1
D:2:      kennysheep_the_goblin_king
D:3:      minivault_11
D:4:      lightli_corner_chamber
D:5:      first_bread, uniq_grinder
D:6:      gammafunk_temple_overflow_statue
D:7:      minmay_temple_entry_statues_pillars, serial_shops,
          nicolae_shop_statue_plus, kennysheep_cluttered_room
D:8:      hangedman_pestilent_swarm, uniq_prince_ribbit1
D:9:      uniq_erica
D:10:     lair_0_dummy, serial_corexii_hall, corexii_hall_statues_t,
          corexii_hall_statues_l
D:11:     trog_wizard, uniq_maurice
D:12:     erik_orc_1, kennysheep_generic_room_2
Temple:   kilobyte_greek_temple_18

Skill      XL: |  1  2  3  4  5  6  7  8  9 10 11 |
---------------+----------------------------------+-----
Fighting       | 2 3 4 5 6 |  6.7
Staves         | 2 3 4 5 6 7 |  7.6
Dodging        | 1 2 3 4 5 |  5.4
Unarmed Combat | 5 9 12 13 | 13.1
Invocations    | 1 2 |  2.9
Throwing       | |  1.0
Stealth        | |  1.0
Spellcasting   | |  3.0
Translocations | |  2.0
Evocations     | |  1.0

Action                   |  1- 3 |  4- 6 |  7- 9 | 10-12 || total
-------------------------+-------+-------+-------+-------++-------
Melee: Quarterstaff      |    90 |   211 |   392 |    28 ||   721
       Unarmed           |       |    14 |       |   282 ||   296
 Abil: Spit Acid         |       |       |    15 |    14 ||    29
Evoke: Wand              |       |     4 |     7 |    12 ||    23
       Deck              |       |       |       |     3 ||     3
  Use: Potion            |       |     2 |       |     1 ||     3
       Scroll            |       |       |    16 |     7 ||    23
 Stab: Sleeping          |     3 |     6 |       |     2 ||    11
       Distracted        |       |       |       |     1 ||     1
  Eat: Chunk             |     1 |    12 |    17 |     8 ||    38
       Fruit             |       |       |     2 |       ||     2
       Pizza             |       |       |     2 |       ||     2
       Meat ration       |       |       |       |     1 ||     1
